AoeStats
← Ho-Din Mcak

QS Arena

503551501Analyzed
4v4 RM · 1mo ago on Sep 1, 2026· 44m 11s· 8 players
Game mode
Random Map
Map size
Large (8 player)
Population
200
Speed
Normal
Resources
Standard
Victory
Conquest
Starting age
Dark Age
Ending age
Imperial Age
RankedLock teamsTeams togetherTeam positionsShared explorationLock speedFull tech treeHidden civsTurbo modeCheats
Victory
Defeat
🇨🇱 Franks · Chile
899
+13
🇺🇸 Slavs · United States
894
+13
🇫🇷 Lithuanians · France
863
+15
🇮🇪 Ethiopians · Ireland
853
+15
🇲🇽 Romans · Mexico
850
-15
🇲🇽 Bohemians · Mexico
840
-14
🇺🇸 Franks · United States
835
-14
🇺🇸 Maya · United States
822
-13
QuiquisFreak
8:44 Feudal Age
14:56 Castle Age
13:51 Double-Bit Axe
14:31 Horse Collar
19:06 Man-at-Arms
22:17 Long Swordsman
26:32 Gold Mining
28:20 Fortified Wall
29:39 Bow Saw
35:28 Imperial Age
38:08 Ballistics
38:49 Chemistry
[MIAAU] GM Panzer IV
6:51 Loom
8:59 Feudal Age
11:51 Wheelbarrow
14:38 Castle Age
12:44 Horse Collar
13:08 Double-Bit Axe
16:27 Fervor
16:51 Bow Saw
16:43 Heavy Plow
24:16 Chemistry
27:34 Imperial Age
24:53 Town Watch
31:42 Hand Cart
31:54 Town Patrol
32:46 Pikeman
33:46 Hussite Reforms
34:02 Conscription
33:53 Halberdier
34:34 Squires
34:37 Scale Mail Armor
34:37 Padded Archer Armor
34:28 Fletching
34:48 Forging
35:29 Devotion
35:49 Block Printing
36:10 Theocracy
35:56 Sanctity
36:50 Illumination
36:36 Redemption
36:23 Onager
36:45 Treadmill Crane
37:26 Ballistics
37:35 Chain Mail Armor
37:36 Leather Archer Armor
38:05 Atonement
42:11 Wagenburg Tactics
42:56 Faith
Old&Slow
6:35 Loom
8:20 Feudal Age
12:59 Castle Age
11:20 Double-Bit Axe
14:11 Bow Saw
18:57 Scale Barding Armor
18:59 Town Watch
19:53 Wheelbarrow
20:20 Gold Mining
20:46 Husbandry
21:07 Chain Barding Armor
21:49 Forging
22:10 Town Patrol
24:27 Iron Casting
29:21 Imperial Age
29:54 Gold Shaft Mining
29:11 Stone Mining
30:03 Cavalier
31:22 Plate Barding Armor
33:34 Blast Furnace
32:57 Conscription
32:04 Elite Skirmisher
32:37 Fletching
32:48 Padded Archer Armor
32:48 Scale Mail Armor
32:52 Murder Holes
33:18 Ballistics
33:09 Masonry
32:45 Arrowslits
32:47 Light Cavalry
33:21 Paladin
38:26 Chain Mail Armor
38:27 Leather Archer Armor
38:07 Bodkin Arrow
37:37 Pikeman
38:18 Squires
Brindle
1:09 Loom
9:56 Feudal Age
10:31 Double-Bit Axe
11:05 Horse Collar
16:57 Castle Age
14:53 Fletching
16:36 Gold Mining
17:17 Scale Mail Armor
18:16 Bow Saw
18:28 Bodkin Arrow
18:59 Squires
19:26 Forging
18:40 Crossbowman
18:48 Pikeman
20:15 Heavy Plow
20:50 Padded Archer Armor
22:36 Iron Casting
23:48 Thumb Ring
24:07 Ballistics
25:56 Wheelbarrow
25:41 Leather Archer Armor
25:57 Masonry
28:18 Chain Mail Armor
28:50 Fortified Wall
28:08 Eagle Warrior
28:46 Stone Mining
30:07 Town Watch
29:58 Elite Skirmisher
Ho-Din Mcak
3:45 Loom
12:02 Feudal Age
12:28 Double-Bit Axe
12:24 Horse Collar
14:26 Wheelbarrow
17:37 Castle Age
18:05 Gold Mining
18:06 Stone Mining
19:04 Bow Saw
18:57 Heavy Plow
20:21 Crossbowman
27:45 Bloodlines
30:09 Imperial Age
27:42 Scale Mail Armor
27:48 Scale Barding Armor
27:53 Forging
27:36 Fletching
27:46 Padded Archer Armor
28:05 Light Cavalry
28:48 Husbandry
29:05 Chain Mail Armor
28:50 Pikeman
30:45 Squires
31:00 Fortified Wall
30:45 Murder Holes
31:51 Chemistry
32:06 Crop Rotation
32:41 Two-Man Saw
32:02 Detinets
32:33 Capped Ram
33:24 Bodkin Arrow
34:05 Iron Casting
33:51 Chain Barding Armor
34:56 Hussar
36:07 Hand Cart
35:40 Town Watch
36:31 Halberdier
38:32 Blast Furnace
38:07 Plate Barding Armor
38:02 Conscription
38:08 Leather Archer Armor
38:35 Gold Shaft Mining
39:42 Druzhina
39:44 Onager
42:40 Plate Mail Armor
42:52 Ring Archer Armor
Quincha
9:36 Feudal Age
11:33 Double-Bit Axe
14:25 Castle Age
13:49 Wheelbarrow
14:23 Stone Mining
15:34 Bow Saw
19:58 Gold Mining
22:04 Gold Shaft Mining
22:46 Fletching
23:07 Forging
24:36 Bodkin Arrow
25:17 Iron Casting
24:48 Scale Barding Armor
24:43 Padded Archer Armor
24:46 Town Watch
24:52 Loom
25:26 Hand Cart
26:48 Town Patrol
30:03 Imperial Age
27:36 Husbandry
30:39 Chain Barding Armor
30:15 Cavalier
32:02 Blast Furnace
32:01 Paladin
34:14 Chemistry
35:21 Plate Barding Armor
43:47 Leather Archer Armor
q721372930
10:11 Feudal Age
14:05 Castle Age
12:45 Stone Mining
12:41 Double-Bit Axe
12:40 Horse Collar
13:02 Loom
15:41 Bow Saw
16:02 Gold Mining
21:35 Scale Mail Armor
27:05 Wheelbarrow
27:06 Heavy Plow
27:45 Town Watch
31:59 Imperial Age
31:13 Hand Cart
31:25 Squires
31:11 Arson
34:14 Chemistry
33:25 Fortified Wall
33:43 Chain Mail Armor
33:39 Forging
33:20 Fletching
34:57 Plate Mail Armor
34:51 Ballistics
34:24 Elite Skirmisher
34:26 Crossbowman
36:39 Conscription
37:15 Gold Shaft Mining
37:45 Iron Casting
37:11 Padded Archer Armor
37:37 Halberdier
40:12 Blast Furnace
39:30 Leather Archer Armor
39:23 Thumb Ring
41:26 Torsion Engines
42:40 Heavy Scorpion
44:48 Two-Man Saw
IsidoreDucasse
7:31 Feudal Age
8:56 Wheelbarrow
8:07 Loom
12:47 Castle Age
10:58 Horse Collar
11:27 Double-Bit Axe
11:52 Gold Mining
12:17 Stone Mining
18:51 Hand Cart
19:41 Heavy Plow
20:56 Bow Saw
27:37 Imperial Age
25:29 Forging
25:24 Scale Barding Armor
25:09 Fletching
25:19 Padded Archer Armor
25:25 Town Watch
27:14 Atonement
27:24 Fervor
27:38 Sanctity
27:29 Redemption
27:54 Bloodlines
27:45 Husbandry
27:06 Light Cavalry
28:30 Guilds
30:00 Coinage
30:40 Chemistry
29:52 Fortified Wall
30:15 Ballistics
29:37 Treadmill Crane
30:09 Masonry
30:55 Crop Rotation
31:36 Two-Man Saw
30:21 Capped Ram
30:26 Cavalier
31:49 Town Patrol
33:26 Onager
34:00 Paladin
34:24 Elite Skirmisher
36:03 Fletching
36:13 Padded Archer Armor
38:34 Murder Holes
39:09 Architecture
38:30 Heated Shot
39:01 Bombard Tower
38:32 Guard Tower
41:02 Iron Casting
40:47 Chain Barding Armor
40:22 Bodkin Arrow
40:42 Leather Archer Armor
42:51 Banking
43:15 Stone Shaft Mining
42:58 Leather Archer Armor
42:45 Scale Mail Armor
43:22 Plate Barding Armor
Connection lost

Rejoining the realm…

Still unreachable

The connection could not be restored.

Session expired

The server has moved on; the page needs a fresh start.